 Dungeon Crawl Stone Soup version 0.28.0-53-g5a82cb258f (webtiles) character file.

Game seed: 5282732919187783220

81331 TehNispe the Fighter (level 15, -4/127 HPs)
             Began as a Demonspawn Fighter on June 25, 2022.
             Was the Champion of Uskayaw.
             Killed from afar by an eleionoma (32 damage)
             ... with a spray of wooden splinters
             ... on level 1 of the Swamp on June 26, 2022.
             The game lasted 04:26:13 (26185 turns).

TehNispe the Fighter (Demonspawn Fighter)          Turns: 26185, Time: 04:26:14

Health: -4/127     AC: 30    Str: 23    XL:     15   Next: 26%
Magic:  25/25      EV:  6    Int: 10    God:    Uskayaw [******]
Gold:   832        SH: 15    Dex: 10    Spells: 14/14 levels left

rFire   + . .      SeeInvis +   a - +2 war axe (elec) {@w1}
rCold   . . .      Faith    .   f - +0 kite shield
rNeg    + + +      Spirit   .   N - +2 plate armour {rF+}
rPois   .          Reflect  +   k - +0 mask of the Dragon {Will+ Slay+3 SInv}
rElec   +          Harm     .   (no cloak)
rCorr   .          Rampage  .   v - +2 pair of gloves
Will    ++...                   (no boots)
Stlth   ..........              j - amulet of reflection
HPRegen 0.31/turn               e - +4 ring of protection
MPRegen 0.19/turn               y - ring "Adabuir" {rElec rN+++ AC+4 Dex-3}

@: no status effects
A: horns 1, molten scales 2, demonic guardian 2, powered by pain 1
a: Renounce Religion, Stomp, Line Pass, Grand Finale


You were on level 1 of the Swamp.
You worshipped Uskayaw.
Uskayaw was pleased with you.
You visited 4 branches of the dungeon, and saw 21 of its levels.

You collected 2112 gold pieces.
You spent 1280 gold pieces at shops.

Inventory:

Hand Weapons
 a - a +2 war axe of electrocution (weapon) {@w1}
 o - a +3 hand axe
 C - the +7 trident of Excruciating Pain {vorpal, Dex+3, @w2}
   (You took it off a spriggan on level 6 of the Lair of Beasts)

   It inflicts extra damage upon your enemies.
   Dex:       It affects your dexterity (+3).
 O - a +2 morningstar of venom
 P - a +3 mace
Armour
 f - a +0 kite shield (worn)
 k - the +0 mask of the Dragon (worn) {Will+ Slay+3 SInv}
   (You found it on level 4 of the Lair of Beasts)

   Slay:      It affects your accuracy & damage with ranged weapons and melee
   (+3).
   SInv:      It lets you see invisible.
   Will:      It increases your willpower.
 v - a +2 pair of gloves (worn)
 K - an orb of light
 N - a +2 plate armour of fire resistance (worn)
Jewellery
 e - a +4 ring of protection (left hand)
 j - an amulet of reflection (around neck)
 m - an amulet of regeneration
 y - the ring "Adabuir" (right hand) {rElec rN+++ AC+4 Dex-3}
   (You found it on level 8 of the Dungeon)

   [ring of protection]

   AC:        It affects your AC (+4).
   Dex:       It affects your dexterity (-3).
   rElec:     It insulates you from electricity.
   rN:        It renders you almost immune to negative energy.
 B - the amulet "Lant" {Faith rC+ rCorr}
   (You took it off a spriggan on level 6 of the Lair of Beasts)

   [amulet of faith]

   It allows you to gain divine favour quickly.
   rC:        It protects you from cold.
   rCorr:     It protects you from acid and corrosion.
 F - a ring of protection from fire
Wands
 q - a wand of paralysis (16)
 t - a wand of acid (5)
 u - a wand of flame (24)
 E - a wand of mindburst (3)
 H - a wand of iceblast (7)
 J - a wand of charming (5)
 L - a wand of digging (5)
Scrolls
 l - 2 scrolls of magic mapping
 s - 3 scrolls of enchant weapon
 w - 6 scrolls of teleportation
 x - 2 scrolls of amnesia
 I - 5 scrolls of identify
Potions
 b - a potion of attraction
 c - 3 potions of brilliance
 d - a potion of berserk rage
 g - 5 potions of ambrosia
 i - 6 potions of flight
 n - 5 potions of mutation
 p - a potion of magic
 z - a potion of cancellation
 A - 3 potions of lignification
 G - 2 potions of curing
 M - a potion of heal wounds
Miscellaneous
 r - a tin of tremorstones (inert)


   Skills:
 * Level 14.7 Fighting
 * Level 13.4 Axes
 + Level 10.0 Armour
 + Level 10.0 Shields
 + Level 13.8 Invocations
 + Level 6.1 Evocations


You had 14 spell levels left.
You didn't know any spells.
Your spell library contained the following spells:

 Spells                   Type           Power      Damage    Failure   Level
 Call Canine Familiar     Summ           0%         N/A       100%        3
 Frozen Ramparts          Ice            0%         1d2       100%        3
 Gell's Gravitas          Tloc           0%         N/A       100%        3
 Ozocubu's Armour         Ice            0%         N/A       100%        3
 Portal Projectile        Hex/Tloc       0%         N/A       100%        3
 Teleport Other           Tloc           0%         N/A       100%        3
 Tukima's Dance           Hex            0%         N/A       100%        3
 Fulminant Prism          Conj/Hex       0%         3d6       100%        4
 Ice Form                 Ice/Tmut       0%         N/A       100%        4
 Iskenderun's Mystic Bla  Conj/Tloc      0%         2d3       100%        4
 Leda's Liquefaction      Hex/Erth       0%         N/A       100%        4
 Passage of Golubria      Tloc           0%         N/A       100%        4
 Summon Ice Beast         Ice/Summ       0%         N/A       100%        4
 Lee's Rapid Deconstruct  Erth           0%         3d5*      100%        5
 Metabolic Englaciation   Hex/Ice        0%         N/A       100%        5
 Yara's Violent Unravell  Hex/Tmut       0%         3d3       100%        5
 Dispersal                Tloc           0%         N/A       100%        6
 Simulacrum               Ice/Necr       0%         N/A       100%        6


Dungeon Overview and Level Annotations

Branches:
Dungeon (12/15)            Temple (0/1) D:5            Lair (6/6) D:9
  Swamp (1/4) Lair:3       Spider (0/4) Lair:2        Slime (0/5) Lair:5
    Orc (2/2) D:12            Elf (0/3) Orc:2

Altars:
Cheibriados
Elyvilon
Gozag
Makhleb
Ru
Uskayaw
Wu Jian
Yredelemnul
Beogh
Jiyva

Shops:
D:5 [   Orc:2 *:!=*

Annotations:
D:9 3 runed translucent doors, Sensen's ghost, novice HOMo
Lair:3 exclusion: oklob plant
Lair:4 2 transporters, shugdite's ghost, journeyman MiFi


Innate Abilities, Weirdness & Mutations

You have a pair of small horns on your head.
You are mostly covered in molten scales. (AC +3)
A demonic guardian rushes to your aid.
You sometimes gain a little power by taking damage.


Message History

The eleionoma hurls a spray of splinters at you.
The spray of wooden splinters hits you.
* * * LOW HITPOINT WARNING * * *
You hit the tyrant leech but do no damage.
The tyrant leech is heavily wounded.
You closely miss the eleionoma. You block the tyrant leech's attack.
The eleionoma splashes around in the water.
You slash the tyrant leech! You headbutt the tyrant leech.
The tyrant leech is severely wounded.
You closely miss the eleionoma. You block the tyrant leech's attack.
You block the eleionoma's attack.
You slash the tyrant leech! Your headbutt misses the tyrant leech.
The tyrant leech is almost dead.
You slash the eleionoma!
Lightning courses through the eleionoma!!
The eleionoma touches a tree and draws upon its vitality.
The eleionoma is healed.
You block the tyrant leech's attack.
You hit the tyrant leech.
The tyrant leech is almost dead.
You hit the eleionoma.
The eleionoma splashes around in the water.
You slash the tyrant leech!
You kill the tyrant leech!
You closely miss the eleionoma. The eleionoma barely misses you.
You enter the shallow water.
Moving in this stuff is going to be slow.
The eleionoma hurls a spray of splinters at you.
The spray of wooden splinters hits you but does no damage.
You slash the eleionoma!
The eleionoma is lightly wounded.
You block the eleionoma's attack.
You barely miss the eleionoma. Your headbutt misses the eleionoma.
The eleionoma is lightly wounded.
The eleionoma hits you.
* * * LOW HITPOINT WARNING * * *
You slash the eleionoma!
The eleionoma is moderately wounded.
The eleionoma hurls a spray of splinters at you.
The spray of wooden splinters hits you!!
You die...

♣♣♣≈≈≈≈.≈≈♣♣ ♣♣♣.....♣♣♣..♣
♣ ♣♣..≈≈♣##♣ ♣.≈♣♣♣♣♣♣§≈♣♣ .
♣♣≈≈>≈)♣ #♣♣♣♣≈.§≈...♣≈..
..♣♣...≈≈♣.##.♣.♣≈.≈§>(.≈.≈.
.....≈<≈≈..#...♣.≈§...♣≈≈.≈.
..♣≈.≈.≈...#...(.≈.♣♣≈≈§.♣
♣.≈§.≈.....#.....R.≈♣≈≈≈>♣
♣.♣≈###########.@##)†§≈..♣
♣.≈≈. ####.#♣..≈≈.≈≈ ♣...♣
.w. ♣.≈.≈≈. ♣.♣♣♣ ..≈..
♣≈≈§≈. ♣. ....≈.. .≈≈♣. ♣$
#.≈≈≈.. .... #≈≈...♣ ≈≈.
#≈≈.≈. §≈.


You could see an eleionoma.

Vanquished Creatures
  Mlioglotl (Swamp:1)
  An orc warlord (D:12)
  The ghost of Tizeaveg the Severer, a journeyman DsBe of Trog (Lair:6)
  Josephine (D:11)
  7 hydras
  A boulder beetle (D:7)
  Fannar (Lair:3)
  2 ogre magi (Orc:2)
  11 two-headed ogres
  6 death yaks (Lair:5)
  An orc high priest (Orc:1)
  A fire crab (Lair:6)
  A goliath frog (Lair:6)
  2 deep trolls (Orc:2)
  3 orc knights (Orc:1)
  A lindwurm (Lair:5)
  3 orc sorcerers (Orc:1)
  A will-o-the-wisp (Swamp:1)
  3 cyclopes
  Maurice (D:8)
  8 elephants
  4 black mambas
  A gargoyle (D:12)
  22 cane toads
  2 unseen horrors
  Joseph (D:8)
  3 rime drakes
  7 komodo dragons
  8 trolls
  2 polar bears
  4 hornets
  A queen bee (D:9)
  6 tyrant leeches
  2 dream sheep (D:12)
  A slime creature (Lair:6)
  14 blink frogs
  A shadow (D:6)
  2 spriggans (Swamp:1)
  A water elemental (D:11)
  Sigmund (D:5)
  3 wyverns
  49 yaks
  A vampire (D:9)
  4 wraiths
  6 wargs
  A redback (Lair:2)
  4 vampire mosquitoes (Lair:6)
  A steam dragon (D:8)
  2 swamp worms (Swamp:1)
  An acid dragon (D:8)
  10 water moccasins
  Duvessa (D:7)
  31 orc warriors
  5 sky beasts
  2 ice beasts
  A black bear (Lair:4)
  2 necrophages (D:6)
  22 ogres
  A boggart (Lair:6)
  11 centaurs
  45 wolves
  5 kobold brigands
  17 bullfrogs
  4 gnoll sergeants
  A water moccasin zombie (D:5)
  A wyvern zombie (D:8)
  2 scorpions
  A water moccasin skeleton (D:7)
  Dowan (D:7)
  25 killer bees
  5 electric eels
  8 wights
  A howler monkey (D:10)
  3 centaur zombies (D:5)
  5 jellies
  2 centaur skeletons
  24 orc priests
  4 iguanas
  20 orc wizards
  A hound skeleton (D:4)
  16 gnolls
  A howler monkey zombie (D:6)
  2 howler monkey skeletons
  10 adders
  A shadow imp (D:6)
  2 white imps (D:7)
  An ufetubus (D:6)
  4 worms
  A dart slug (D:1)
  114 orcs
  8 ball pythons
  7 bats
  5 endoplasms
  3 giant cockroaches
  12 goblins
  8 hobgoblins
  7 jackals
  11 kobolds
  7 quokkas
  3 frilled lizards
  3 rats
699 creatures vanquished.

Vanquished Creatures (collateral kills)
  2 hydras
  A two-headed ogre (Orc:2)
  2 spriggans (Lair:6)
  A manticore (D:12)
  An elephant (Lair:1)
  A centaur zombie (D:10)
  A cane toad (Lair:6)
  A hornet (Lair:6)
  A yak (Lair:4)
  A vampire mosquito (Lair:6)
  An acid dragon (D:9)
  An orc warrior (Orc:1)
  2 wolves
  An ogre (Orc:2)
  3 killer bees
  An electric eel (D:11)
21 creatures vanquished.

Vanquished Creatures (others)
  A killer bee (D:11)
  A kobold (D:11)
  2 bushes
  10 foxfires (Swamp:1)
  118 fungi
  221 plants
353 creatures vanquished.

Grand Total: 1073 creatures vanquished

Notes
Turn   | Place    | Note
-------+----------+-------------------------------------------
     0 | D:1      | TehNispe the Demonspawn Fighter began the quest for the
                  | Orb.
     0 | D:1      | Reached XP level 1. HP: 18/18 MP: 1/1
   299 | D:1      | Gained mutation: You sometimes gain a little power by
                  | taking damage. [demonic ancestry]
   299 | D:1      | Reached XP level 2. HP: 23/24 MP: 2/2
   335 | D:1      | Found a faded altar of an unknown god.
   516 | D:1      | Reached XP level 3. HP: 29/29 MP: 3/3
  1135 | D:2      | Found a burning altar of Makhleb.
  1893 | D:3      | Gained mutation: You are partially covered in molten
                  | scales. (AC +2) [demonic ancestry]
  1893 | D:3      | Reached XP level 4. HP: 35/35 MP: 4/4
  2161 | D:3      | Reached XP level 5. HP: 23/42 MP: 5/5
  2166 | D:3      | Reached skill level 4 in Fighting
  2439 | D:3      | Found a hide-covered altar of Uskayaw.
  2442 | D:3      | Became a worshipper of Uskayaw the Reveller
  2559 | D:3      | Reached * piety under Uskayaw
  2768 | D:4      | Noticed an ogre
  2891 | D:4      | Reached ** piety under Uskayaw
  2894 | D:4      | Killed an ogre
  2894 | D:4      | Reached *** piety under Uskayaw
  2895 | D:4      | Reached skill level 1 in Invocations
  2895 | D:4      | Reached XP level 6. HP: 21/49 MP: 5/7
  3384 | D:5      | Entered Level 5 of the Dungeon
  3391 | D:5      | Noticed a hornet
  3393 | D:5      | Noticed Sigmund
  3400 | D:5      | Killed a hornet
  3401 | D:5      | Gained mutation: You have a pair of small horns on your
                  | head. [demonic ancestry]
  3401 | D:5      | Reached XP level 7. HP: 10/55 MP: 3/9
  3403 | D:5      | Reached skill level 5 in Fighting
  3411 | D:5      | Killed Sigmund
  3411 | D:5      | Reached **** piety under Uskayaw
  3790 | D:5      | Gained mutation: You are mostly covered in molten scales.
                  | (AC +3) [demonic ancestry]
  3790 | D:5      | Reached XP level 8. HP: 44/64 MP: 11/11
  3840 | D:5      | Reached skill level 5 in Invocations
  3978 | D:5      | Reached skill level 6 in Fighting
  3985 | D:5      | Reached skill level 5 in Axes
  4022 | D:5      | Found a staircase to the Ecumenical Temple.
  4115 | D:5      | Found Cakhlet's Armour Emporium.
  4418 | D:5      | You fall into a shaft and drop 1 floor!
  4485 | D:6      | Gained mutation: A weak demonic guardian rushes to your
                  | aid. [demonic ancestry]
  4485 | D:6      | Reached XP level 9. HP: 52/71 MP: 13/13
  4647 | D:6      | Found an ornate altar of the Wu Jian Council.
  4746 | D:6      | Found a sacrificial altar of Ru.
  4893 | D:6      | Reached skill level 7 in Fighting
  5029 | D:6      | Reached skill level 5 in Armour
  5186 | D:7      | Noticed a boulder beetle
  5378 | D:7      | Reached skill level 5 in Shields
  6092 | D:7      | Noticed Dowan
  6093 | D:7      | Noticed Duvessa
  6113 | D:7      | Killed Duvessa
  6127 | D:7      | Killed Dowan
  6613 | D:7      | Killed a boulder beetle
  6614 | D:7      | Reached skill level 8 in Fighting
  6614 | D:7      | Reached skill level 1 in Evocations
  7075 | D:8      | Found an opulent altar of Gozag.
  7111 | D:8      | Reached XP level 10. HP: 80/80 MP: 15/15
  7218 | D:8      | Identified the ring "Adabuir" {rElec rN+++ AC+4 Dex-3}
  7294 | D:8      | Reached ***** piety under Uskayaw
  7664 | D:8      | Noticed Maurice
  7677 | D:8      | Noticed Joseph
  7679 | D:8      | Killed Maurice
  7691 | D:8      | Killed Joseph
  8328 | D:9      | Reached skill level 9 in Fighting
  8927 | D:9      | Reached XP level 11. HP: 8/89 MP: 17/17
  9288 | D:9      | Noticed a two-headed ogre
  9305 | D:9      | Killed a two-headed ogre
  9342 | D:9      | Found a staircase to the Lair.
  9430 | D:9      | Found a runed translucent gate.
  9430 | D:9      | Found a runed translucent gate.
  9641 | D:9      | Found a basalt altar of Yredelemnul.
  9778 | D:9      | Found a runed translucent gate.
  9779 | D:9      | Noticed Sensen's ghost (novice HOMo)
  9783 | D:9      | Found a viscous altar of Jiyva.
  9805 | D:10     | Entered Level 10 of the Dungeon
  9876 | D:10     | Reached ****** piety under Uskayaw
 10740 | D:10     | Reached skill level 10 in Fighting
 11090 | D:11     | Noticed Josephine
 11110 | D:11     | Noticed a two-headed ogre
 11119 | D:11     | Killed Josephine
 11126 | D:11     | Killed a two-headed ogre
 11140 | D:11     | Reached skill level 10 in Invocations
 11387 | D:11     | Noticed a two-headed ogre
 11397 | D:11     | Killed a two-headed ogre
 11443 | D:11     | Reached XP level 12. HP: 74/98 MP: 15/19
 11581 | D:11     | Reached skill level 5 in Evocations
 12645 | D:12     | Noticed a seven-headed hydra
 12722 | Lair:1   | Entered Level 1 of the Lair of Beasts
 13400 | Lair:1   | Reached skill level 11 in Fighting
 13428 | Lair:1   | HP: 5/100 [elephant (13)]
 13880 | Lair:1   | Reached skill level 10 in Axes
 14572 | Lair:2   | Found a hole to the Spider Nest.
 14744 | Lair:2   | Noticed a six-headed hydra
 15109 | Lair:2   | Killed a 12-headed hydra
 15375 | Lair:3   | You fall into a shaft and drop 3 floors!
 15375 | Lair:6   | Entered Level 6 of the Lair of Beasts
 15418 | Lair:6   | Noticed a five-headed hydra
 15496 | Lair:6   | HP: 5/102 [poisoned by a cane toad]
 15499 | Lair:6   | Found a runed translucent door.
 15504 | Lair:6   | Noticed Tizeaveg's ghost (journeyman DsBe)
 15516 | Lair:6   | Reached XP level 13. HP: 7/107 MP: 21/21
 15729 | Lair:6   | Reached skill level 12 in Fighting
 16999 | Lair:4   | Found a snail-covered altar of Cheibriados.
 17116 | Lair:4   | Found the +0 mask of the Dragon {Will+ Slay+3 SInv}
 17256 | Lair:4   | Found a transporter.
 17299 | Lair:4   | Found a transporter.
 17302 | Lair:4   | Noticed shugdite's ghost (journeyman MiFi)
 17742 | Lair:3   | Found a staircase to the Swamp.
 18405 | Lair:3   | Noticed Fannar
 18418 | Lair:3   | Killed Fannar
 19413 | Lair:5   | Reached skill level 13 in Fighting
 19688 | Lair:5   | Found a staircase to the Slime Pits.
 19839 | Lair:5   | Gained mutation: A demonic guardian rushes to your aid.
                  | [demonic ancestry]
 19839 | Lair:5   | Reached XP level 14. HP: 50/118 MP: 23/23
 21073 | Lair:6   | Identified the +7 trident of Excruciating Pain {vorpal,
                  | Dex+3}
 21073 | Lair:6   | Identified the amulet "Lant" {Faith rC+ rCorr}
 21901 | Lair:6   | Killed Tizeaveg's ghost
 22379 | D:12     | Found Zuakhieps's Magic Scroll Shop.
 22518 | D:12     | Found a staircase to the Orcish Mines.
 23241 | Orc:1    | Entered Level 1 of the Orcish Mines
 23834 | Orc:1    | Reached skill level 14 in Fighting
 23847 | Orc:1    | Noticed an orc warlord
 24112 | D:12     | Killed an orc warlord
 24857 | Orc:2    | Entered Level 2 of the Orcish Mines
 24917 | Orc:2    | Found Hubolior's Distillery.
 24923 | Orc:2    | Found a staircase to the Elven Halls.
 24927 | Orc:2    | Bought a potion of heal wounds for 65 gold pieces
 25139 | Orc:2    | Reached XP level 15. HP: 59/127 MP: 25/25
 25774 | Orc:2    | Found Paptautu's Assorted Antiques.
 25776 | Orc:2    | Found Mihaisha's Book Emporium.
 25796 | Orc:2    | Found Piuxaeh's Jewellery Boutique.
 25799 | Orc:2    | Bought Great Wizards, Vol. VII for 480 gold pieces
 25799 | Orc:2    | Bought a There-And-Back Book for 480 gold pieces
 25807 | Orc:2    | Found Jukate Bigg's Assorted Antiques.
 25815 | Orc:2    | Bought a scroll of enchant armour for 255 gold pieces
 26078 | Swamp:1  | Entered Level 1 of the Swamp
 26122 | Swamp:1  | Noticed Mlioglotl
 26145 | Swamp:1  | Killed Mlioglotl
 26146 | Swamp:1  | Reached skill level 10 in Shields
 26165 | Swamp:1  | Reached skill level 10 in Armour
 26185 | Swamp:1  | Killed from afar by an eleionoma

Illustrated notes

Levels and vault maps discovered:
D:1:      ebering_trefoil_3fold, layout_loops_cross,
          chequers_ecumenical_altar_island
D:2:      layout_basic, basic_altar
D:3:      layout_basic, lemuel_doored_altar, serial_curves, eino_curves_04,
          eino_curves_02
D:4:      layout_rooms
D:5:      cheibrodos_helix_gallery, layout_rooms, temple_statues, serial_shops,
          nicolae_diamond_shop, minmay_fountain_box, minmay_misc_feat_enclosed,
          minmay_between, uniq_sigmund
D:6:      layout_gridville, kennysheep_little_box, hangedman_ru_absence,
          st_stairs_13
D:7:      layout_gridville, uniq_duvessa
D:8:      layout_loops_cross, grunt_gozag_statues, special_room
          [special_room_orc], uniq_maurice, uniq_joseph
D:9:      layout_basic, kennysheep_ying_yang, due_lair_maze_entry_diamond,
          gammafunk_ghost_ooze, minivault_7
D:10:     layout_cave_pods, grunt_ministairs_13, minmay_stone_trees_small,
          minmay_misc_feat_roman, nicolae_elevator_lobby_asterisk
D:11:     layout_basic, uniq_josephine
D:12:     layout_loops_cross, erik_orc_4, serial_shops,
          nicolae_shop_window_shopping, nicolae_concentric_dashed_squares_mild,
          hangedman_ranch
Lair:1:   layout_regular_city, grunt_megastairs_1, infiniplex_staircase_pool
Lair:2:   layout_gridlike, spider_nest_entry_webs, gauntlet_entry_generic,
          grunt_forest_large_clearings
Lair:3:   layout_misc_corridors, swamp_mist_pool,
          chequers_serial_rivers_large_b, lemuel_oklob_altar, uniq_fannar
Lair:4:   layout_regular_city, lightli_volcano_entry_magma_tube,
          nzn_ghost_randoct, lemuel_centaur_altar, infiniplex_staircase_pool_2
Lair:5:   statuecave_lemuel, layout_cave_pods, minmay_slime_entry_pillars,
          nicolae_lair_grazing_beasts [nicolae_sub_lair_graze_edge,
          nicolae_sub_lair_graze_edge, nicolae_sub_lair_graze_edge,
          nicolae_sub_lair_graze_edge], lemuel_fruit_fields
Lair:6:   minmay_lair_end_frog_pond, layout_loops_ring,
          ebering_ghost_funeral_grove
Swamp:1:  layout_falls_marsh, evilmike_swamp_ruin_wall, uniq_mlioglotl
Orc:1:    layout_caves, minmay_orc_temple_c
Orc:2:    st_orc_open, layout_caves, serial_shops, nicolae_square_shop

Skill      XL: |  1  2  3  4  5  6  7  8  9 10 11 12 13 14 15 |
---------------+----------------------------------------------+-----
Axes           | 2 3 4 5 6 8 9 10 11 13 | 13.4
Shields        | 3 4 5 6 7 8 9 10 | 10.0
Armour         | 3 4 5 6 7 8 9 10 | 10.0
Fighting       | 4 5 6 8 9 10 11 13 14 | 14.7
Invocations    | 1 3 4 6 7 9 10 11 12 13 | 13.8
Evocations     | 1 3 4 6 |  6.1

Action                   |  1- 3 |  4- 6 |  7- 9 | 10-12 | 13-15 || total
-------------------------+-------+-------+-------+-------+-------++-------
Melee: War axe           |   143 |   139 |   309 |   219 |   852 ||  1662
       Headbutt          |       |       |    69 |   213 |   225 ||   507
       Hand axe          |       |       |       |   712 |       ||   712
       Dagger            |       |       |       |    10 |       ||    10
       Morningstar       |       |       |       |       |    23 ||    23
       Trident           |       |       |       |       |     5 ||     5
Invok: Line Pass         |       |     1 |     3 |     6 |     1 ||    11
       Stomp             |       |       |       |     2 |     1 ||     3
       Grand Finale      |       |       |       |     1 |     1 ||     2
Evoke: Wand              |       |       |     1 |     1 |     2 ||     4
       Tin of tremorston |       |       |       |       |     2 ||     2
  Use: Scroll            |     1 |     6 |     8 |     8 |     3 ||    26
       Potion            |       |     2 |     2 |     8 |     2 ||    14
 Stab: Paralysed         |       |     3 |     8 |   107 |   110 ||   228
       Confused          |       |       |       |     2 |       ||     2
       Distracted        |       |       |       |     1 |     1 ||     2
       Held in net/web   |       |       |       |     1 |       ||     1
Armor: Scale mail        |    77 |    43 |       |       |       ||   120
       Chain mail        |       |     8 |       |       |       ||     8
       Plate armour      |       |    29 |   201 |   776 |   580 ||  1586
Dodge: Dodged            |    51 |    39 |    61 |   169 |   150 ||   470
Block: Buckler           |    18 |       |       |       |       ||    18
       Kite shield       |    31 |   117 |   259 |   742 |   689 ||  1838
       Reflection        |       |     2 |     6 |    14 |    32 ||    54
